 Dungeon Crawl Stone Soup version 0.31.0-11-ge490571c62 (webtiles) character file.

Game seed: 4075088654436636334

410164 Flugkiller the Metallomancer (level 22, -12/111 HPs)
             Began as a Vine Stalker Ice Elementalist on Jan 31, 2024.
             Was a Priest of Sif Muna.
             Killed from afar by a fire giant (42 damage)
             ... with a bolt of fire
             ... on level 5 of the Vaults on Feb 1, 2024.
             The game lasted 04:59:16 (15952 turns).

Flugkiller the Metallomancer (VSIE)                Turns: 15952, Time: 04:59:17

Health: -12/111    AC: 12    Str: 14    XL:     22   Next: 5%
Magic:  0/53       EV: 17    Int: 26    God:    Sif Muna [***...]
Gold:   1198       SH:  0    Dex: 19    Spells: 3/55 levels left

rFire   . . .        I - staff of earth
rCold   . . .        D - sphere of Battle
rNeg    . . .        s - +1 robe of Vines {NoPotionHeal Regen++++}
rPois   +            E - +2 helmet {Int+3}
rElec   +            u - scarf "Quahekul" {shadows, rElec Dex+4}
rCorr   .            i - +2 pair of gloves
SInv    .            M - +2 pair of boots
Will    ++...        G - amulet of magic regeneration
Stlth   +            Y - ring of wizardry
HPRegen 4.38/turn    C - ring of magical power
MPRegen 0.73/turn

%: guardian spirit, wizardry (x1)
@: channelling, contaminated, glowing, studying Unarmed Combat
A: fangs 3, regeneration 1, magic shield, antimagic bite, no potion heal 2,
poison resistance, persistent drain
}: 3/15 runes: serpentine, barnacled, slimy
a: Renounce Religion, Channel Magic, Forget Spell


You were on level 5 of the Vaults.
You worshipped Sif Muna.
Sif Muna was most pleased with you.
You visited 9 branches of the dungeon, and saw 42 of its levels.
You also visited: Gauntlet and Desolation.

You collected 2851 gold pieces.
You spent 1653 gold pieces at shops.

Inventory:

Hand Weapons
 c - the +1 trident "Moerrippau" {elec, rN+ MP+9 Int+2 Stlth+}
   (You found it on level 4 of the Shoals)

   Int+2:     It affects your intelligence (+2).
   rN+:       It protects you from negative energy.
   MP+9:      It affects your magic capacity (+9).
   Stlth+:    It makes you more stealthy.
 g - the +1 morningstar "Oddugod" {pain, Fly rC++ rCorr Stlth-}
   (You found it on level 3 of the Elven Halls)

   rC++:      It greatly protects you from cold.
   Fly:       It grants you flight.
   rCorr:     It protects you from acid and corrosion.
   Stlth-:    It makes you less stealthy.
 Z - the +8 demon trident "Rift" {distort, reach+}
   (You found it on level 3 of the Elven Halls)
Missiles
 A - 2 throwing nets
 O - 7 curare-tipped darts
Armour
 i - a +2 pair of gloves (worn)
   (You bought it in a shop on level 2 of the Orcish Mines)
 s - the +1 robe of Vines (worn) {NoPotionHeal Regen++++}
   (You found it in a Gauntlet)

   NoPotionHeal: Its wearer cannot be healed by potions.
   Regen++++: It increases your rate of health regeneration.
 u - the scarf "Quahekul" (worn) {shadows, rElec Dex+4}
   (You found it on level 4 of the Snake Pit)

   Dex+4:     It affects your dexterity (+4).
   rElec:     It insulates you from electricity.
 D - the sphere of Battle (worn)
   (You found it in the Desolation of Salt)

   Battle:    It summons a battlesphere in combat, with strength depending on
   Conjurations skill.
   Destructive: It enhances your destructive magic, and weakens non-destructive
   magic.
 E - a +2 helmet of intelligence (worn)
   (You found it on level 4 of the Shoals)
 K - a +2 buckler of protection
   (You took it off a deep elf knight on level 3 of the Elven Halls)
 M - a +2 pair of boots (worn)
   (You found it on level 1 of the Snake Pit)
Magical Staves
 x - a staff of cold
   (You found it in a Gauntlet)
 I - a staff of earth (weapon)
   (You found it on level 9 of the Dungeon)
Jewellery
 k - the ring of Gips {+Blink Will+ rCorr Str-4 Int+6 Stlth-}
   (You found it on level 3 of the Elven Halls)

   [ring of intelligence]

   Str-4:     It affects your strength (-4).
   Int+6:     It affects your intelligence (+6).
   Will+:     It increases your willpower.
   +Blink:    It lets you blink.
   rCorr:     It protects you from acid and corrosion.
   Stlth-:    It makes you less stealthy.
 m - a ring of willpower
   (You found it on level 7 of the Dungeon)
 o - the ring of Fydunur {rElec rC+ Int+3}
   (You found it on level 5 of the Pits of Slime)

   [ring of protection from cold]

   Int+3:     It affects your intelligence (+3).
   rC+:       It protects you from cold.
   rElec:     It insulates you from electricity.
 w - the ring of Fuukkoda {rF- rC+ rN+ MP+9 Str+3 Dex+4}
   (You took it off an imperial myrmidon in the Desolation of Salt)

   [ring of magical power]

   Str+3:     It affects your strength (+3).
   Dex+4:     It affects your dexterity (+4).
   rF-:       It makes you vulnerable to fire.
   rC+:       It protects you from cold.
   rN+:       It protects you from negative energy.
   MP+9:      It affects your magic capacity (+9).
 C - a ring of magical power (right hand)
   (You found it on level 4 of the Lair of Beasts)
 G - an amulet of magic regeneration (around neck)
   (You found it on level 7 of the Dungeon)
 H - an amulet of regeneration
   (You found it on level 2 of the Lair of Beasts)
 J - a ring of positive energy
   (You found it on level 7 of the Dungeon)
 U - the ring of Jonis {rPois rF+ rCorr SInv Stlth-}
   (You found it in the Desolation of Salt)

   [ring of protection from fire]

   rF+:       It protects you from fire.
   rPois:     It protects you from poison SInv: It lets you see invisible.
   rCorr:     It protects you from acid and corrosion.
   Stlth-:    It makes you less stealthy.
 Y - a ring of wizardry (left hand)
   (You found it on level 1 of the Lair of Beasts)
Talismans
 N - a granite talisman
   (You found it on level 5 of the Vaults)
Wands
 l - a wand of roots (17)
   (You found it in a Gauntlet)
 p - a wand of digging (3)
   (You found it on level 5 of the Pits of Slime)
 Q - a wand of quicksilver (18)
   (You found it on level 11 of the Dungeon)
 S - a wand of paralysis (29)
   (You found it on level 1 of the Lair of Beasts)
Scrolls
 a - 2 scrolls of vulnerability
 e - 3 scrolls of enchant armour
 n - a scroll of fear
 t - 15 scrolls of teleportation
 y - 4 scrolls of revelation
 z - 2 scrolls of blinking
 B - 10 scrolls of fog
 F - a scroll of butterflies
 L - a scroll of immolation
Potions
 b - 2 potions of magic
 d - 2 potions of ambrosia
 f - 3 potions of lignification
 h - 3 potions of haste
 q - 5 potions of curing
 r - 2 potions of enlightenment
 v - 3 potions of invisibility
 V - 2 potions of mutation
 W - 4 potions of brilliance
 X - a potion of cancellation
Miscellaneous
 j - a box of beasts
   (You found it in a Gauntlet)
 P - a phantom mirror
   (You found it in a Gauntlet)
 R - a tin of tremorstones (2/2)
   (You found it on level 9 of the Dungeon)
 T - a lightning rod (4/4)
   (You found it in a Gauntlet)


   Skills:
 - Level 10.0 Fighting
 - Level 8.0 Dodging
 - Level 2.4 Stealth
 - Level 17.2 Spellcasting
 - Level 12.0 Conjurations
 - Level 10.0 Summonings
 - Level 5.0 Translocations
 - Level 10.4 Ice Magic
 - Level 22.0 Earth Magic
 - Level 9.3 Alchemy
 - Level 11.4 Invocations
 - Level 4.0 Evocations
 + Level 6.5 Shapeshifting


You had 3 spell levels left.
You knew the following spells:

 Your Spells              Type           Power      Damage    Failure   Level
a - Freeze                Ice            100%       1d10      1%          1
b - Spellforged Servitor  Conj/Summ      44%        N/A       9%          7
c - Shatter               Erth           70%        3d52*     11%         9
d - Passage of Golubria   Tloc           24%        N/A       1%          4
e - Ozocubu's Armour      Ice            38%        N/A       1%          3
f - Freezing Cloud        Conj/Ice/Air   37%        6-21      1%          5
g - Summon Forest         Summ/Tloc      15%        N/A       1%          5
h - Summon Cactus Giant   Summ           18%        N/A       2%          6
i - Irradiate             Conj/Alch      43%        3d26      1%          5
j - Bombard               Conj/Erth      64%        9d11      1%          6
q - Apportation           Tloc           48%        N/A       1%          1

Your spell library contained the following spells:

 Spells                   Type           Power      Damage    Failure   Level
 Magic Dart               Conj           100%       1d8       0%          1
 Kiss of Death            Conj/Necr      100%       2d13      1%          1
 Necrotise                Necr           44%        1d6       1%          1
 Shock                    Conj/Air       100%       1d9       1%          1
 Slow                     Hex            44%        N/A       1%          1
 Sting                    Conj/Alch      100%       1d9       1%          1
 Call Imp                 Summ           74%        N/A       1%          2
 Cigotuvi's Dreadful Rot  Necr/Alch/Air  38%        N/A       1%          2
 Lesser Beckoning         Tloc           48%        N/A       1%          2
 Mercury Vapours          Alch/Air       100%       N/A       1%          2
 Momentum Strike          Conj/Tloc      100%       3d10      1%          2
 Scorch                   Fire           66%        2d7       1%          2
 Searing Ray              Conj           100%       2d8       1%          2
 Static Discharge         Conj/Air       100%       3-8/arc   1%          2
 Sublimation of Blood     Necr           11%        N/A       1%          2
 Call Canine Familiar     Summ           37%        N/A       1%          3
 Dazzling Flash           Conj/Hex       100%       N/A       1%          3
 Frozen Ramparts          Ice            100%       1d16      1%          3
 Gell's Gravitas          Tloc           24%        N/A       1%          3
 Hailstorm                Conj/Ice       88%        3d14      1%          3
 Mephitic Cloud           Conj/Alch/Air  73%        N/A       1%          3
 Summon Ice Beast         Ice/Summ       37%        N/A       1%          3
 Teleport Other           Tloc           24%        N/A       1%          3
 Volatile Blastmotes      Fire/Tloc      100%       2d18      1%          3
 Confusing Touch          Hex            11%        N/A       2%          3
 Inner Flame              Hex/Fire       33%        N/A       2%          3
 Tukima's Dance           Hex            11%        N/A       2%          3
 Vampiric Draining        Necr           11%        2d6       2%          3
 Brom's Barrelling Bould  Conj/Erth      100%       2d11      0%          4
 Flame Wave               Conj/Fire      69%        2d16      1%          4
 Fulminant Prism          Conj/Alch      43%        3d19      1%          4
 Ignite Poison            Fire/Alch      63%        N/A       1%          4
 Iskenderun's Mystic Bla  Conj/Tloc      79%        2d16      1%          4
 Martyr's Knell           Necr/Summ      24%        N/A       1%          4
 Olgreb's Toxic Radiance  Alch           82%        N/A       1%          4
 Petrify                  Alch/Erth      81%        N/A       1%          4
 Summon Lightning Spire   Summ/Air       24%        N/A       1%          4
 Alistair's Intoxication  Alch           23%        N/A       1%          5
 Borgnjor's Vile Clutch   Necr/Erth      34%        N/A       1%          5
 Iskenderun's Battlesphe  Conj           91%        2d14      1%          5
 Arcjolt                  Conj/Air       34%        1d44      2%          5
 Fireball                 Conj/Fire      34%        3d14      2%          5
 Metabolic Englaciation   Hex/Ice        12%        N/A       2%          5
 Eringya's Noxious Bog    Alch           41%        4d6       2%          6
 Sculpt Simulacrum        Ice/Alch       18%        N/A       2%          6
 Dimensional Bullseye     Hex/Tloc       8%         N/A       3%          4
 Yara's Violent Unravell  Hex/Alch       31%        3d13      3%          5
 Orb of Destruction       Conj           45%        9d12      6%          7
 Airstrike                Air            16%        2d(3-19)  9%          4
 Anguish                  Hex/Necr       5%         N/A       9%          4
 Dispel Undead            Necr           11%        3d9       9%          4
 Ozocubu's Refrigeration  Ice            43%        4d17      11%         7
 Conjure Ball Lightning   Conj/Air       34%        3x3d11    12%         6
 Starburst                Conj/Fire      34%        6d10      12%         6
 Dispersal                Tloc           12%        N/A       17%         6
 Curse of Agony           Necr           11%        N/A       24%         5
 Silence                  Hex/Air        5%         N/A       24%         5
 Death Channel            Necr           5%         N/A       77%         6
 Discord                  Hex            5%         N/A       100%        8
 Ignition                 Fire           16%        3d7       100%        8
 Maxwell's Capacitive Co  Air            16%        ∞         100%        8
 Chain Lightning          Conj/Air       34%        3d46      100%        9
 Death's Door             Necr           5%         N/A       100%        9
 Fire Storm               Conj/Fire      34%        8d9       100%        9
 Polar Vortex             Ice            43%        12d5*     100%        9


Dungeon Overview and Level Annotations

Branches:
Dungeon (13/15) Zot: 26857  Temple (1/1) D:7 Zot: 5969    Lair (5/5) D:10 Zot: 25075
 Shoals (4/4) Lair:3 Zot: 22209   Snake (4/4) Lair:3 Zot: 21998   Slime (5/5) Lair:4 Zot: 26585
    Orc (2/2) D:9 Zot: 11138     Elf (3/3) Orc:2 Zot: 16193  Vaults (5/5) D:13 Zot: 26482
  Crypt (0/3) Vaults:3    Desolation (visited)      Gauntlet (visited)

Altars:
Ashenzari
Cheibriados
Dithmenos
Elyvilon
Fedhas
Hepliaklqana
Kikubaaqudgha
Nemelex Xobeh
Okawaru
Qazlal
Sif Muna
Trog
Uskayaw
Vehumet
Xom
Yredelemnul
Zin
The Shining One
Jiyva

Shops:
D:5 *   D:10 (   Orc:2 [*(:   Elf:3 (   Shoals:3 ?   Snake:2 (   Snake:4 :=?
Vaults:5 *

Annotations:
D:4 2 transporters, noone's ghost, amateur GrEE
D:5 exclusion: ice beast
Snake:2 2 transporters
Orc:2 exclusion: upstairs
Elf:3 1 runed translucent door


Innate Abilities, Weirdness & Mutations

You have razor-sharp teeth.
Your natural rate of healing is unusually fast.
When hurt, damage is shared between your health and your magic reserves.
Your bite disrupts and absorbs the magic of your enemies.
Potions cannot restore your health.
Your system is resistant to poisons. (rPois)
Your health recovers twice as slowly from being drained.


Message History

The merfolk completely misses you.
Press: ? - help, v - describe, . - travel
Here: a fire giant, wielding a +1 great sword of flaming The floor.
Unknown command.
Casting: Shatter (quite dangerous; 11% risk of failure)
Confirm with . or Enter, or press ? or * to list all spells.
You feel a strong surge of power!
You miscast Shatter.
You are hit by flying rocks.
The merfolk changes into an orb spider!
The vault guard closely misses your spellforged servitor.
Unknown command.
Casting: Shatter (quite dangerous; 11% risk of failure)
Confirm with . or Enter, or press ? or * to list all spells.
You feel a strong surge of power!
You miscast Shatter.
You are lightly contaminated with residual magic.
You are caught in an explosion of flying shrapnel.
Your spellforged servitor points at the vault guard and mumbles some strange words.
The iron shot hits the vault guard.
Your spellforged servitor is knocked back by the blast.
The orb spider begins to weave its threads into a brightly glowing ball.
Casting: Shatter (quite dangerous; 11% risk of failure)
Confirm with . or Enter, or press ? or * to list all spells.
You feel a strong surge of power!
You miscast Shatter.
You are contaminated with residual magic.
The floor shifts beneath you alarmingly.
You feel less invigorated.
The vault guard hits your spellforged servitor but does no damage.
Unknown command.
Unknown command.
Unknown command.
Unknown command.
You can no longer call upon Sif Muna to cast any spell from your library.
Your spellforged servitor points at the vault guard and mumbles some strange words.
The iron shot hits the vault guard!!!
The vault guard dies!
Sif Muna accepts your kill.
Your spellforged servitor is knocked back by the blast.
The fire giant points at you and mumbles some strange words.
The bolt of fire hits you!!!
Unknown command.
Casting: Shatter (quite dangerous; 11% risk of failure)
Confirm with . or Enter, or press ? or * to list all spells.
You feel a strong surge of power!
The dungeon rumbles!
You kill the orb spider!
Sif Muna accepts your kill.
The fire giant is lightly wounded.
A door shatters! x2
Ka-crash!
You hear a shout! x3
Your battlesphere fires!
The barrage of energy hits the fire giant.
The fire giant is moderately wounded.
The fire giant casts a spell at you.
The fireball explodes!
The fireball engulfs you!!!
A fire giant is nearby!
Unknown command.
Unknown command.
Unknown command.
Unknown command.
Unknown command.
Okay, then.
Unknown command.
Unknown command.
Unknown command.
The fire giant points at you and mumbles some strange words.
The bolt of fire hits your battlesphere!
Your battlesphere resists.
The bolt of fire hits you!!!
* * * LOW HITPOINT WARNING * * *
Unknown command.
Unknown command.
Unknown command.
Unknown command.
Okay, then.
Unknown command.
Unknown command.
As you read the scroll of butterflies, it crumbles to dust.
You hear the flapping of tiny wings.
Your battlesphere is knocked back by the sudden gust.
The fire giant hits your butterfly with a +1 great sword of flaming!
The fire giant burns your butterfly.
Your butterfly dies!
Your butterfly disappears in a burst of colours!
Unknown command.
You swap places.
The fire giant casts a spell at you. The bolt of fire hits your butterfly!!!
Your butterfly dies!
Your butterfly disappears in a burst of colours!
The bolt of fire hits your butterfly!!!
Your butterfly dies!
Your butterfly disappears in a burst of colours!
The bolt of fire hits your butterfly!!!
Your butterfly dies!
Your butterfly disappears in a burst of colours!
The bolt of fire hits you!!!
You die...

#...............
#..............#
#..#..........##)
#..#......b..##[?.
#..#.....)b##.....
#.......b.$b......
#.....#...b.*..
#...#.#bbbb....
#...#b@.)b.....
#.##)b.bb..C...


#'..bbbbbbbb.). #.#.)..bbbb.... #...#...b..!... #...###.b...... #.. #........
..#...... You could see a fire giant (ally target) and a friendly battlesphere.

Vanquished Creatures
  the Royal Jelly (Slime:5)
  2 ancient liches (Vaults:5)
  Xtahua (Vaults:2)
  Nikola (Snake:3)
  A tentacled monstrosity (Vaults:5)
  Mlioglotl (Shoals:4)
  A titan (Vaults:5)
  A deep elf master archer (Elf:3)
  9 acid blobs (Slime:5)
  3 sphinxes
  Kirke (Lair:4)
  A nagaraja (Snake:4)
  9 azure jellies
  4 rockslimes
  A frost giant (Vaults:5)
  3 vault wardens
  A deep elf sorcerer (Elf:2)
  5 ironbound preservers
  An angel (Elf:2)
  2 formless jellyfish (Slime:1)
  2 stone giants (Vaults:5)
  2 orc warlords
  7 quicksilver oozes
  A very ugly thing (Vaults:5)
  2 ironbound thunderhulks
  2 deep elf death magi
  3 halazid warlocks (Desolation)
  7 dire elephants
  6 deep elf annihilators (Elf:3)
  A minotaur (Shoals:4)
  3 war gargoyles (Vaults:5)
  Snorg (Lair:4)
  2 ettins (Vaults:5)
  5 yaktaur captains
  2 ragged hierophants (Desolation)
  A merfolk javelineer (Shoals:1)
  Fannar (D:11)
  A deep elf high priest (Elf:3)
  2 entropy weavers
  3 hydras
  2 fire dragons
  5 salamander tyrants (Snake:4)
  7 vault guards (Vaults:5)
  3 ogre magi (Vaults:5)
  4 great orbs of eyes
  4 centaur warriors (Vaults:2)
  2 servants of whispers (Desolation)
  4 ironbound frosthearts (Vaults:2)
  6 peacekeepers (Desolation)
  4 two-headed ogres
  6 anacondas
  A merfolk avatar (Shoals:4)
  9 satyrs
  8 dancing weapons
  A boulder beetle (D:12)
  5 naga warriors
  A two-headed ogre (shapeshifter) (Vaults:5)
  A death yak (Lair:3)
  3 orc high priests (Orc:2)
  6 shock serpents
  5 deep elf knights
  11 naga sharpshooters
  3 hell knights (Vaults:5)
  Sonja (D:13)
  A shock serpent (shapeshifter) (Vaults:5)
  A sun demon (Shoals:1)
  A shadow wraith (D:13)
  A skyshark (Shoals:3)
  7 salamander mystics
  A swamp dragon (Lair:5)
  3 mana vipers (Snake:4)
  3 deep trolls (Vaults:2)
  3 sea snakes
  3 naga ritualists
  6 deep elf archers
  2 arcanists
  A glowing orange brain (Vaults:2)
  12 ironbound convokers
  7 orc knights
  5 lindwurms
  Pikel (D:8)
  15 harpies
  4 ugly things
  A necromancer (Vaults:2)
  5 orc sorcerers
  12 deep elf zephyrmancers
  A steelbarb worm (shapeshifter) (Vaults:5)
  8 deep elf pyromancers
  A shining eye (Slime:2)
  2 manticores (Shoals:4)
  A cyclops (D:9)
  9 salamanders
  12 fauns
  An orb spider (shapeshifter) (Vaults:5)
  8 vault sentinels
  17 elephants
  7 guardian serpents
  9 slime creatures
  14 black mambas
  3 torpor snails
  2 molten gargoyles (Desolation)
  A cane toad (shapeshifter) (D:9)
  10 cane toads
  4 water nymphs
  9 naga magi
  3 rime drakes
  An efreet (Gauntlet)
  7 yaktaurs
  A rime drake (shapeshifter) (D:13)
  4 komodo dragons
  2 trolls (Orc:1)
  5 merfolk
  4 wind drakes
  5 hornets
  A polar bear (shapeshifter) (D:13)
  A tarantella (Vaults:2)
  4 dream sheep
  A glass eye (Slime:5)
  Grinder (D:6)
  A polar bear (Lair:5)
  24 saltlings (Desolation)
  2 snapping turtles (Shoals:4)
  8 blink frogs
  A snapping turtle (shapeshifter) (Vaults:5)
  5 wyverns
  4 shadows
  6 water elementals
  A vampire (D:11)
  4 fire elementals
  2 wraiths
  15 yaks
  3 hogs (Lair:4)
  4 golden eyes (Slime:5)
  A steam dragon (D:5)
  5 basilisks
  11 vampire mosquitoes
  A warg (Orc:2)
  3 redbacks
  15 nagas
  3 acid dragons
  11 water moccasins
  A hell hound (Gauntlet)
  16 nameless horrors
  24 orc warriors
  3 swamp drakes (Lair:5)
  2 sky beasts
  3 ogres
  11 wolves
  6 centaurs
  2 kobold brigands
  5 bullfrogs
  A gnoll sergeant (D:12)
  A scorpion (D:7)
  4 wights
  A killer bee (D:9)
  6 howler monkeys
  2 jellies
  8 electric eels
  A human simulacrum (Vaults:2)
  4 lava snakes (Lair:3)
  22 orc priests
  A bombardier beetle (D:4)
  3 hounds
  5 gnoll boudas
  6 iguanas (Lair:5)
  31 orc wizards
  4 adders (D:5)
  23 gnolls
  A dart slug (D:4)
  A ribbon worm (D:2)
  47 orcs
  2 bats
  An endoplasm (D:4)
  3 hobgoblins
  8 kobolds
  7 ball pythons
  A frilled lizard (D:2)
  A goblin (D:2)
  2 rats
  15 snaplasher vines
  A tentacle (Shoals:1)
875 creatures vanquished.

Vanquished Creatures (collateral kills)
  Margery (Vaults:5)
  A hellephant (Vaults:5)
  2 deep elf blademasters (Elf:3)
  2 sphinxes
  The ghost of Soawkar the Warrior, an adept GrFi of Okawaru (Snake:2)
  A deep elf master archer (Elf:3)
  8 acid blobs
  A titan (Vaults:5)
  Asterion (Elf:3)
  3 shadow dragons (Vaults:5)
  A tengu reaver (Vaults:5)
  A storm dragon (Vaults:5)
  A nagaraja (Snake:2)
  An azure jelly (Slime:1)
  A fire giant (Vaults:5)
  3 rockslimes
  3 deep elf sorcerers
  An imperial myrmidon (Desolation)
  3 vault wardens
  A formless jellyfish (Slime:1)
  A quicksilver ooze (Slime:5)
  2 deep elf elementalists (Elf:3)
  An angel (Elf:2)
  The ghost of protoss039 the Fighter, a journeyman DsEE of Vehumet (Lair:4)
  4 deep elf demonologists
  7 deep elf annihilators
  4 deep elf death magi (Elf:3)
  A minotaur (Shoals:4)
  A merfolk javelineer (Shoals:3)
  2 ettins
  A crystal guardian (Desolation)
  4 ragged hierophants (Desolation)
  A yaktaur captain (Vaults:5)
  A great orb of eyes (Slime:5)
  2 deep elf high priests
  12 vault guards (Vaults:5)
  5 peacekeepers (Desolation)
  2 hydras (Lair:5)
  6 servants of whispers (Desolation)
  2 alligator snapping turtles
  A catoblepas (Lair:5)
  A merfolk avatar (Shoals:4)
  2 boulder beetles
  3 satyrs (Shoals:4)
  3 anacondas
  2 merfolk aquamancers
  A death yak (Lair:3)
  6 dancing weapons
  3 naga warriors
  2 two-headed ogres
  An orc high priest (Orc:2)
  A naga sharpshooter (Snake:4)
  A hell knight (Vaults:5)
  A sun demon (Shoals:1)
  2 deep elf knights
  2 skysharks (Lair:5)
  A salamander mystic (Snake:1)
  5 sea snakes
  2 mana vipers (Snake:2)
  A deep elf archer (Elf:3)
  An arcanist (Vaults:4)
  2 ironbound convokers (Desolation)
  2 phantasmal warriors (Vaults:5)
  An orc knight (Vaults:5)
  5 deep elf zephyrmancers
  7 harpies (Shoals:4)
  8 deep elf pyromancers
  A necromancer (Vaults:5)
  A wolf spider (Lair:5)
  An orc sorcerer (Elf:2)
  4 shining eyes
  A moth of wrath (Snake:2)
  9 manticores
  2 cyclopes
  7 fauns
  6 salamanders
  3 merfolk sirens
  16 black mambas
  11 guardian serpents
  2 molten gargoyles (Desolation)
  6 naga magi
  4 eyes of devastation
  3 cane toads
  A gargoyle (D:9)
  A komodo dragon (Lair:5)
  2 yaktaurs (Vaults:5)
  3 rime drakes
  A kobold demonologist (D:9)
  A polar bear (Lair:3)
  A queen bee (shapeshifter) (D:13)
  A troll (Vaults:5)
  7 merfolk
  A wind drake (Shoals:2)
  6 hornets
  44 saltlings (Desolation)
  Prince Ribbit (Lair:1)
  5 dream sheep
  4 blink frogs
  16 slime creatures
  2 snapping turtles (Shoals:1)
  An air elemental (Elf:3)
  3 water elementals
  5 yaks
  3 spriggans (Lair:4)
  Sigmund (D:6)
  4 wyverns
  2 fire elementals
  A redback (Lair:5)
  15 nagas
  An acid dragon (D:13)
  11 water moccasins
  A nameless horror (Snake:1)
  5 orc warriors
  A black bear (Lair:4)
  A boggart (Lair:4)
  An ogre (Orc:1)
  2 lemures (D:8)
  3 bullfrogs
  3 wights (D:8)
  2 jellies
  2 orc priests (Orc:2)
  2 iguanas (Lair:5)
  3 gnolls
  A white imp (D:8)
  5 orcs
  2 kobolds (D:7)
419 creatures vanquished.

Vanquished Creatures (others)
  A naga (Snake:3)
  A kobold (D:11)
  28 snaplasher vines
  3 tentacles (Shoals:1)
33 creatures vanquished.

Grand Total: 1327 creatures vanquished

Notes
Turn   | Place    | Note
-------+----------+-------------------------------------------
     0 | D:1      | Flugkiller the Vine Stalker Ice Elementalist began the
                  | quest for the Orb.
     0 | D:1      | Reached XP level 1. HP: 9/9 MP: 4/4
   118 | D:2      | Reached XP level 2. HP: 13/13 MP: 2/6
   144 | D:2      | Found a stormy altar of Qazlal.
   299 | D:4      | Noticed noone's ghost (amateur GrEE)
   305 | D:4      | Found a transporter.
   358 | D:4      | Found a transporter.
   375 | D:4      | Noticed a bombardier beetle
   389 | D:4      | Reached XP level 3. HP: 10/16 MP: 1/8
   456 | D:4      | Reached skill level 5 in Ice Magic
   456 | D:4      | Reached XP level 4. HP: 12/21 MP: 0/10
   458 | D:5      | Entered Level 5 of the Dungeon
   469 | D:5      | Noticed a steam dragon
   484 | D:5      | Learned a level 3 spell: Frozen Ramparts
   490 | D:5      | Noticed an ice beast
   562 | D:5      | Noticed an ogre
   583 | D:5      | Found Voycag's General Store.
   592 | D:5      | Noticed a centaur
   599 | D:5      | Reached XP level 5. HP: 18/24 MP: 8/11
   607 | D:5      | Killed a centaur
   635 | D:5      | Learned a level 3 spell: Ozocubu's Armour
   639 | D:5      | Identified the ring "Goafymi" {*Slow +Blink rPois rF+
                  | Str+3}
   664 | D:5      | Killed a steam dragon
   665 | D:5      | Reached skill level 5 in Spellcasting
   665 | D:5      | Reached XP level 6. HP: 27/28 MP: 0/14
   777 | D:6      | Noticed Sigmund
   777 | D:6      | Noticed a black bear
   784 | D:5      | Reached XP level 7. HP: 15/32 MP: 2/16
   849 | D:6      | Noticed Grinder
  1047 | D:6      | Paralysed by Grinder for 3 turns
  1056 | D:6      | Killed Grinder
  1061 | D:6      | Learned a level 3 spell: Summon Ice Beast
  1067 | D:6      | Learned a level 5 spell: Irradiate
  1091 | D:6      | Gained mutation: You have razor-sharp teeth. [Vine Stalker
                  | growth]
  1091 | D:6      | Reached XP level 8. HP: 36/36 MP: 14/18
  1123 | D:6      | Killed Sigmund
  1124 | D:6      | Reached skill level 1 in Conjurations
  1124 | D:6      | Reached skill level 1 in Summonings
  1124 | D:6      | Reached skill level 1 in Alchemy
  1189 | D:7      | Identified the +0 ring mail of Objectivity {Harm rC- rCorr
                  | Str+2}
  1225 | D:7      | Reached skill level 1 in Fighting
  1346 | D:7      | Noticed a shadow
  1369 | D:7      | Killed a shadow
  1544 | D:7      | Found a staircase to the Ecumenical Temple.
  1554 | Temple   | Entered the Ecumenical Temple
  1569 | Temple   | Became a worshipper of Sif Muna the Loreminder
  1627 | D:7      | Reached XP level 9. HP: 33/42 MP: 16/20
  1665 | D:7      | You fall into a shaft and drop 2 floors!
  1815 | D:8      | Got the Verses on the Discharge and Ignition
  1904 | D:8      | Noticed a hornet
  1911 | D:8      | Killed a hornet
  1912 | D:8      | Reached skill level 5 in Conjurations
  1912 | D:8      | Reached skill level 5 in Alchemy
  1928 | D:8      | Noticed a troll
  1976 | D:8      | Reached * piety under Sif Muna
  2177 | D:8      | Noticed Pikel
  2185 | D:8      | Killed Pikel
  2186 | D:8      | Reached XP level 10. HP: 39/46 MP: 21/23
  2308 | D:10     | Entered Level 10 of the Dungeon
  2327 | D:10     | Identified the +4 ring mail of the Hurricane {+Inv Dex+4}
  2412 | D:10     | Found Retaz's Antique Weapon Emporium.
  2416 | D:9      | Found the +6 shillelagh "Devastator" {shatter}
  2418 | D:9      | Noticed a gargoyle
  2418 | D:9      | Noticed a two-headed ogre
  2431 | D:9      | Killed a two-headed ogre
  2442 | D:9      | Killed a gargoyle
  2450 | D:9      | Noticed a two-headed ogre
  2463 | D:9      | Killed a two-headed ogre
  2567 | D:9      | Noticed a red ugly thing
  2567 | D:9      | Noticed a cyclops
  2571 | D:9      | Noticed a two-headed ogre
  2574 | D:9      | Noticed a kobold demonologist
  2615 | D:9      | Noticed a rust devil
  2616 | D:9      | Killed a kobold demonologist
  2616 | D:9      | Reached ** piety under Sif Muna
  2638 | D:9      | Killed a cyclops
  2639 | D:9      | Reached XP level 11. HP: 47/50 MP: 22/24
  2650 | D:9      | Killed a two-headed ogre
  2670 | D:9      | Noticed a brown ugly thing
  2685 | D:9      | Killed a red ugly thing
  2689 | D:9      | Killed a brown ugly thing
  2708 | D:9      | Got the Precepts of Plasticity
  2898 | D:10     | Found a staircase to the Lair.
  2936 | D:10     | Identified a scroll of acquirement
  2936 | D:10     | Acquired the Papyrus of the Gift and Oxidation
  2943 | D:10     | Learned a level 4 spell: Olgreb's Toxic Radiance
  2974 | D:10     | Found a bloodstained altar of Trog.
  2991 | D:10     | Noticed a two-headed ogre
  2998 | D:10     | Killed a two-headed ogre
  3048 | D:11     | Noticed Fannar
  3059 | D:11     | Killed Fannar
  3073 | D:10     | Found a glowing golden altar of the Shining One.
  3427 | D:12     | Noticed a two-headed ogre
  3437 | D:12     | Killed a two-headed ogre
  3438 | D:12     | Reached skill level 5 in Invocations
  3444 | D:12     | Found a gate leading to a gauntlet.
  3454 | Gauntlet | Entered a Gauntlet
  3454 | Gauntlet | Found a transporter.
  3457 | Gauntlet | Found a transporter.
  3459 | Gauntlet | Found a transporter.
  3464 | Gauntlet | Noticed an arcanist
  3469 | Gauntlet | Found a transporter.
  3470 | Gauntlet | Found a transporter.
  3476 | Gauntlet | Noticed a death scarab
  3479 | Gauntlet | Found a transporter.
  3480 | Gauntlet | Noticed a death scarab
  3485 | Gauntlet | Noticed a spectral death yak
  3494 | Gauntlet | Found a runed translucent gate.
  3495 | Gauntlet | Found a transporter.
  3495 | Gauntlet | Found a runed translucent gate.
  3496 | Gauntlet | Found a runed translucent gate.
  3505 | Gauntlet | Found a transporter.
  3515 | Gauntlet | Found a transporter.
  3529 | Gauntlet | Found a transporter.
  3538 | Gauntlet | Found a transporter.
  3540 | Gauntlet | Found a transporter.
  3575 | Gauntlet | Reached skill level 1 in Evocations
  3588 | Gauntlet | Found a transporter.
  3615 | Gauntlet | Reached *** piety under Sif Muna
  3616 | Gauntlet | Reached XP level 12. HP: 56/56 MP: 26/26
  3627 | Gauntlet | Identified the +3 hat of Fezxia {Slay+4}
  3710 | Gauntlet | Identified the +3 flail "Habuof" {holy, *Slow rCorr SInv
                  | Stlth+}
  3710 | Gauntlet | Noticed a minotaur
  3738 | Gauntlet | Found the +1 robe of Vines {NoPotionHeal Regen++++}
  3747 | Gauntlet | Got the Book of Chilly Percussion
  3826 | D:12     | Identified the serpent talisman of Vanity {rC+ rN+ Int+2
                  | Stlth+}
  3896 | D:11     | Reached skill level 10 in Spellcasting
  4200 | D:12     | Noticed a boulder beetle
  4208 | D:12     | Killed a boulder beetle
  4391 | D:9      | Found a staircase to the Orcish Mines.
  4503 | Orc:1    | Entered Level 1 of the Orcish Mines
  4512 | Orc:1    | Noticed a two-headed ogre
  4534 | Orc:1    | Killed a two-headed ogre
  4634 | Orc:2    | Entered Level 2 of the Orcish Mines
  4814 | Orc:2    | Found a staircase to the Elven Halls.
  4829 | Orc:2    | Reached **** piety under Sif Muna
  4944 | Orc:2    | Noticed an orc high priest
  4958 | Orc:2    | Killed an orc high priest
  5054 | Orc:2    | Noticed an orc high priest
  5065 | Orc:2    | Noticed a sun demon
  5070 | Orc:2    | Killed an orc high priest
  5084 | Orc:2    | Reached ***** piety under Sif Muna
  5094 | Orc:2    | Noticed an orc high priest
  5100 | Orc:2    | Killed an orc high priest
  5104 | Orc:2    | Noticed a sun demon
  5107 | Orc:2    | Reached skill level 5 in Summonings
  5107 | Orc:2    | Reached XP level 13. HP: 61/61 MP: 21/30
  5114 | Orc:2    | Noticed an orc warlord
  5128 | Orc:2    | Killed an orc warlord
  5232 | Orc:2    | Found Ximefism's Antique Armour Boutique.
  5233 | Orc:2    | Found Qepoasche's Antique Weapon Boutique.
  5235 | Orc:2    | Found Pamemamm's General Store.
  5235 | Orc:2    | Found Xoxisuh's Book Shop.
  5247 | Orc:2    | Received a gift from Sif Muna
  5248 | Orc:2    | Got Sif Muna's Improving Your Spellweaving {god gift}
  5254 | Orc:2    | Bought a pair of runed gloves for 262 gold pieces
  5370 | Lair:1   | Entered Level 1 of the Lair of Beasts
  5377 | Lair:1   | Learned a level 5 spell: Freezing Cloud
  5383 | Lair:1   | Learned a level 5 spell: Summon Forest
  5390 | Lair:1   | Learned a level 6 spell: Summon Cactus Giant
  5541 | Lair:1   | Noticed Prince Ribbit
  5547 | Lair:1   | Killed Prince Ribbit
  6092 | Lair:5   | Entered Level 5 of the Lair of Beasts
  6103 | Lair:5   | Reached XP level 14. HP: 66/66 MP: 13/33
  6192 | Lair:5   | Gained mutation: You are weak. (Str -2) [mutagenic glow]
  6415 | Lair:4   | Noticed Snorg
  6424 | Lair:4   | Killed Snorg
  6433 | Lair:4   | Noticed Kirke
  6443 | Lair:4   | Killed Kirke
  6443 | Lair:4   | Received a gift from Sif Muna
  6446 | Lair:4   | Got Sif Muna's Directory of Combat Magic and Beguiling {god
                  | gift}
  6518 | Lair:4   | Found a viscous altar of Jiyva.
  6519 | Lair:4   | Found a staircase to the Slime Pits.
  6547 | Lair:4   | Reached skill level 10 in Summonings
  6626 | Lair:4   | Noticed protoss039's ghost (journeyman DsEE)
  6628 | Lair:4   | Found a runed translucent door.
  6631 | Lair:4   | Identified the +6 spear of Dunuxtym {vamp, rPois rF+ rN+}
  6641 | Lair:4   | Killed protoss039's ghost
  6772 | Lair:5   | Reached skill level 10 in Ice Magic
  7027 | Lair:5   | Reached skill level 5 in Fighting
  7035 | Lair:5   | Reached XP level 15. HP: 72/72 MP: 32/34
  7154 | Lair:5   | Got an earthy gem with 1919 turns to spare
  7314 | Lair:2   | Got the Almanac of the Boulder and Creation
  7431 | Lair:3   | Found a staircase to the Snake Pit.
  7481 | Snake:1  | Entered Level 1 of the Snake Pit
  7569 | Snake:2  | Found a transporter.
  7599 | Snake:2  | Reached skill level 1 in Earth Magic
  7617 | Snake:2  | Reached skill level 2 in Earth Magic
  7621 | Snake:2  | Noticed a nagaraja
  7651 | Snake:2  | Reached skill level 3 in Earth Magic
  7655 | Snake:2  | Noticed a nagaraja
  7664 | Snake:2  | Noticed a nagaraja
  7681 | Snake:2  | Found Vute's Antique Weapon Emporium.
  7685 | Snake:2  | Killed a nagaraja
  7720 | Snake:1  | Reached skill level 4 in Earth Magic
  7787 | Snake:1  | Reached skill level 15 in Spellcasting
  7810 | Snake:1  | Reached skill level 5 in Earth Magic
  7859 | Snake:2  | Noticed Soawkar's ghost (adept GrFi)
  7922 | Snake:3  | Received a gift from Sif Muna
  7923 | Snake:3  | Got Sif Muna's Compilation of Mighty Points {god gift}
  7936 | Snake:3  | Reached skill level 6 in Earth Magic
  8104 | Snake:3  | Noticed Nikola
  8112 | Snake:3  | Reached skill level 7 in Earth Magic
  8125 | Snake:3  | Killed Nikola
  8139 | Snake:4  | Entered Level 4 of the Snake Pit
  8172 | Snake:3  | Reached skill level 8 in Earth Magic
  8217 | Snake:4  | Identified the scarf "Quahekul" {shadows, rElec Dex+4}
  8295 | Snake:4  | Gained mutation: You are very weak. (Str -4) [mutagenic
                  | glow]
  8297 | Snake:4  | Reached skill level 9 in Earth Magic
  8307 | Snake:4  | Reached XP level 16. HP: 77/77 MP: 35/36
  8408 | Snake:4  | Found Uxiust's Self-Published Books.
  8417 | Snake:4  | Bought the Vellum of Modern Magic, Vol. 21 for 192 gold
                  | pieces
  8484 | Snake:4  | Reached skill level 10 in Earth Magic
  8486 | Snake:4  | Found Kushopeg's Magic Scroll Emporium.
  8500 | Snake:4  | Identified the +1 robe of Abstinence {+Blink Will- Str+7}
  8508 | Snake:4  | Found Dougauh's Jewellery Shoppe.
  8528 | Snake:4  | Bought a +6 ring of intelligence for 432 gold pieces
  8534 | Snake:4  | Bought a scroll of blinking for 127 gold pieces
  8534 | Snake:4  | Bought a scroll of revelation for 127 gold pieces
  8534 | Snake:4  | Bought a scroll of teleportation for 51 gold pieces
  8658 | Snake:4  | Reached skill level 11 in Earth Magic
  8759 | Snake:4  | Learned a level 6 spell: Bombard
  8788 | Snake:4  | Noticed a nagaraja
  8799 | Snake:4  | Killed a nagaraja
  8840 | Snake:4  | Reached skill level 12 in Earth Magic
  8898 | Snake:4  | Lost mutation: You are very weak. (Str -4) [mutagenic glow]
  8959 | Snake:4  | Reached skill level 13 in Earth Magic
  8987 | Snake:4  | Got a serpentine rune of Zot
  8989 | Snake:4  | Got a jade gem with 872 turns to spare
  9049 | Snake:4  | Learned a level 7 spell: Spellforged Servitor
  9263 | Shoals:1 | Entered Level 1 of the Shoals
  9444 | Shoals:1 | Noticed a kraken
  9586 | Shoals:2 | Reached skill level 10 in Conjurations
  9723 | Shoals:2 | Found a shadowy altar of Dithmenos.
  9797 | Shoals:3 | Found Ucsoq's Magic Scroll Boutique.
  9810 | Shoals:3 | Reached XP level 17. HP: 79/81 MP: 22/37
  9823 | Shoals:3 | Bought 3 scrolls of blinking for 360 gold pieces
  9823 | Shoals:3 | Bought a scroll of teleportation for 48 gold pieces
 10160 | Shoals:4 | Entered Level 4 of the Shoals
 10160 | Shoals:4 | Noticed Mlioglotl
 10182 | Shoals:4 | Killed Mlioglotl
 10319 | Shoals:4 | Identified the +1 trident "Moerrippau" {elec, rN+ MP+9
                  | Int+2 Stlth+}
 10357 | Shoals:4 | Reached skill level 14 in Earth Magic
 10528 | Shoals:4 | Reached skill level 15 in Earth Magic
 10591 | Shoals:4 | Noticed a sphinx
 10602 | Shoals:4 | Killed a sphinx
 10616 | Shoals:4 | Noticed a sphinx
 10634 | Shoals:4 | Killed a sphinx
 10642 | Shoals:4 | Got a barnacled rune of Zot
 10649 | Shoals:4 | Got an azure gem with 217 turns to spare
 10713 | Shoals:4 | Learned a level 4 spell: Passage of Golubria
 10789 | Shoals:1 | Reached skill level 1 in Translocations
 10994 | Elf:1    | Entered Level 1 of the Elven Halls
 11042 | Elf:1    | Reached XP level 18. HP: 86/86 MP: 39/39
 11395 | Elf:1    | Reached skill level 5 in Translocations
 11540 | Elf:2    | Found a crumbling gateway.
 11561 | Elf:2    | Reached skill level 16 in Earth Magic
 11570 | Elf:2    | Found a white marble altar of Elyvilon.
 11570 | Elf:2    | Found a glowing silver altar of Zin.
 11570 | Elf:2    | Found a glowing golden altar of the Shining One.
 11576 | Desolati | Entered the Desolation of Salt
 11780 | Desolati | Received a gift from Sif Muna
 11781 | Desolati | Got Sif Muna's Opusculum on Entranced Position {god gift}
 11799 | Desolati | Identified the ring of Fuukkoda {rF- rC+ rN+ MP+9 Str+3
                  | Dex+4}
 11808 | Desolati | Reached skill level 17 in Earth Magic
 11891 | Desolati | Got the Grimoire of the Chill and the Excursion
 11896 | Desolati | Learned a level 1 spell: Apportation
 11896 | Desolati | Identified the ring of Jonis {rPois rF+ rCorr SInv Stlth-}
 11897 | Desolati | Identified the ring of Uskayaw's Vengeance {rElec rC+}
 11957 | Desolati | Identified the +4 war axe of Ditwo {flame, *Noise rCorr
                  | Str+4 Int+2}
 12051 | Desolati | Identified the +0 leather armour of Experimentation {rPois}
 12092 | Desolati | Reached skill level 18 in Earth Magic
 12148 | Desolati | Identified the +1 robe of Fallacy {rPois Dex+4}
 12168 | Desolati | Identified the +2 dagger "Igrogom" {freeze, rC++}
 12225 | Desolati | Identified the +2 trident "Wap Ham" {drain, Fly}
 12226 | Desolati | Got the Teachings on Zombies and Freezing
 12250 | Desolati | Found the sphere of Battle
 12254 | Desolati | Got Sif Muna's Writings on Torrid Venom
 12350 | Elf:3    | Entered Level 3 of the Elven Halls
 12350 | Elf:3    | Noticed Asterion
 12357 | Elf:3    | Killed Asterion
 12358 | Elf:3    | Reached XP level 19. HP: 86/90 MP: 19/40
 12370 | Elf:3    | Found a runed translucent door.
 12378 | Elf:3    | Found Woumn's Weapon Shoppe.
 12450 | Elf:3    | Received a gift from Sif Muna
 12594 | Elf:3    | Reached skill level 19 in Earth Magic
 12883 | Elf:3    | Reached skill level 20 in Earth Magic
 12933 | Elf:3    | Identified the +10 falchion of Rok Gag {spect, rN+ Str-5
                  | Dex+6}
 12979 | Elf:3    | Identified the amulet of Kikkad {Acrobat rCorr}
 13108 | Elf:3    | Identified the ring "Xaduqutz" {rF+ rCorr Str+4}
 13116 | Elf:3    | Got a shimmering gem with 387 turns to spare
 13117 | Elf:3    | Identified the amulet "Viaficwo" {Spirit rElec rF+ rC-}
 13119 | Elf:3    | Identified the ring "Veoll" {rF+ rCorr}
 13119 | Elf:3    | Found the +8 demon trident "Rift" {distort, reach+}
 13130 | Elf:3    | Identified the ring of Gips {+Blink Will+ rCorr Str-4 Int+6
                  | Stlth-}
 13150 | Elf:3    | Identified the +1 morningstar "Oddugod" {pain, Fly rC++
                  | rCorr Stlth-}
 13346 | Elf:2    | Reached skill level 21 in Earth Magic
 13503 | Elf:1    | Lost the shimmering gem through the power of Zot.
 13652 | Snake:1  | Learned a level 9 spell: Shatter
 13815 | Snake:2  | Killed Soawkar's ghost
 13824 | Snake:2  | Identified the +0 hat of Caostrir {rN+ Str+2 Int-2 Slay+6}
 13825 | Snake:2  | Found a transporter.
 13976 | Slime:1  | Entered Level 1 of the Pits of Slime
 13991 | Slime:1  | Paralysed by a formless jellyfish for 1 turns
 14003 | Slime:1  | Reached XP level 20. HP: 89/94 MP: 41/41
 14018 | Slime:1  | Gained mutation: You have hidden genetic defects.
                  | [mutagenic glow]
 14127 | Slime:5  | Entered Level 5 of the Pits of Slime
 14207 | Slime:5  | Gained mutation: Armour fits poorly on your strangely
                  | shaped body. [hidden defects]
 14282 | Slime:5  | Reached skill level 22 in Earth Magic
 14338 | Slime:5  | Noticed the Royal Jelly
 14350 | Slime:5  | Killed the Royal Jelly
 14351 | Slime:5  | Reached skill level 10 in Invocations
 14359 | Slime:5  | Gained mutation: Your magical capacity is low. (-10% MP)
                  | [hidden defects]
 14359 | Slime:5  | Lost mutation: You have hidden genetic defects. [hidden
                  | defects expressed]
 14394 | Slime:5  | Identified the +0 ring mail of Valour {rElec rC+} (You
                  | found it on level 5 of the Pits of Slime)
 14397 | Slime:5  | Identified the ring of Reoreef {rC- Int+3 Dex+3 Slay+4}
 14398 | Slime:5  | Identified the ring of Fydunur {rElec rC+ Int+3}
 14404 | Slime:5  | Identified the ring "Nioroluw" {Ice Will+ Str+4}
 14405 | Slime:5  | Got a slimy rune of Zot
 14405 | Slime:5  | Got a starry gem with 180 turns to spare
 14464 | Slime:5  | Identified the +6 dagger of Amorality {freeze, Str+3}
 14820 | D:13     | Noticed Sonja
 14820 | D:13     | Killed Sonja
 14835 | D:13     | Found a gate to the Vaults.
 14842 | D:13     | Lost mutation: Armour fits poorly on your strangely shaped
                  | body. [potion of mutation]
 14842 | D:13     | Lost mutation: You are weak. (Str -2) [potion of mutation]
 14842 | D:13     | Lost mutation: Your magical capacity is low. (-10% MP)
                  | [potion of mutation]
 14842 | D:13     | Gained mutation: You are partially covered in iridescent
                  | scales. (AC +2) [potion of mutation]
 14842 | D:13     | Gained mutation: You sometimes lose your temper in combat.
                  | [potion of mutation]
 14843 | D:13     | Lost mutation: You are partially covered in iridescent
                  | scales. (AC +2) [potion of mutation]
 14843 | D:13     | Lost mutation: You sometimes lose your temper in combat.
                  | [potion of mutation]
 14843 | D:13     | Gained mutation: Your health recovers twice as slowly from
                  | being drained. [potion of mutation]
 14843 | D:13     | Gained mutation: Your system is resistant to poisons.
                  | (rPois) [potion of mutation]
 14849 | Vaults:1 | Entered Level 1 of the Vaults
 15045 | Vaults:2 | Noticed Xtahua
 15047 | Vaults:2 | Received a gift from Sif Muna
 15084 | Vaults:2 | Reached XP level 21. HP: 101/101 MP: 38/43
 15210 | Vaults:2 | Killed Xtahua
 15229 | Vaults:2 | Got Sif Muna's Textbook on Conflict {god gift}
 15260 | Vaults:3 | Found a staircase to the Crypt.
 15424 | Vaults:5 | Entered Level 5 of the Vaults
 15486 | Vaults:5 | Reached skill level 10 in Fighting
 15490 | Vaults:5 | Learned a level 3 spell: Ozocubu's Armour
 15493 | Vaults:5 | Noticed an ancient lich
 15496 | Vaults:5 | Killed an ancient lich
 15503 | Vaults:5 | Reached skill level 5 in Dodging
 15511 | Vaults:5 | Noticed an ancient lich
 15517 | Vaults:5 | Killed an ancient lich
 15670 | Vaults:5 | Found Keyciott's General Store.
 15679 | Vaults:5 | Bought a scroll of teleportation for 54 gold pieces
 15730 | Vaults:5 | Reached skill level 1 in Shapeshifting
 15730 | Vaults:5 | Noticed Margery
 15741 | Vaults:5 | Killed Margery
 15853 | Vaults:5 | Reached skill level 5 in Shapeshifting
 15908 | Vaults:5 | Reached XP level 22. HP: 109/111 MP: 30/44
 15952 | Vaults:5 | Killed from afar by a fire giant

Illustrated notes

Levels and vault maps discovered:
D:1:      lemuel_arrival_room, layout_basic, serial_shops, shop
D:2:      layout_basic, basic_altar
D:3:      layout_rooms, mainiacjoe_overflow_24_doors
D:4:      layout_rooms, grunt_temple_overflow_open, gammafunk_ghost_arena,
          kennysheep_minor_cross, kennysheep_flooded_box
D:5:      layout_rooms, serial_shops, nicolae_shop_stone
D:6:      layout_basic, hangedman_ru_absence, serial_bayou_pond_e,
          kennysheep_big_empty_room, uniq_sigmund, uniq_grinder
D:7:      layout_cave_pods, minmay_temple_entry_statues_fountains,
          enter_bailey_8
D:8:      hangedman_cross_stitches, layout_gridville, nicolae_grassy_gnolls,
          uniq_erica, uniq_pikel
D:9:      minmay_the_grid_octo_2x2 [minmay_the_grid_octo_chip,
          minmay_the_grid_octo_checkered, minmay_the_grid_octo_thin_diamonds,
          minmay_the_grid_octo_prize_ultimate_mussel_roller], layout_stronghold,
          orc_david_3, serial_column_ruins, column_ruins_hut_ruined,
          column_ruins_square_large, column_ruins_corridor_straight,
          column_ruins_columns_dead_end, column_ruins_grid_1,
          column_ruins_corridor_dead_end, column_ruins_columns_straight,
          dilly_guarded_unrand_devastator
D:10:     layout_rooms, lemuel_tele_altar, tso_altar, lair_entry_dummy,
          serial_shops, shop
D:11:     layout_basic, uniq_gastronok, uniq_fannar
D:12:     layout_basic, gauntlet_entry_generic
D:13:     layout_rooms, david_vaults_4, minmay_misc_feat_alley, uniq_sonja
Temple:   nicolae_temple_bog_church
Lair:1:   layout_long_grid, grunt_megastairs_5, uniq_prince_ribbit2,
          uniq_amaemon
Lair:2:   statuecave_lemuel, layout_chaotic_city, infiniplex_staircase_pool
Lair:3:   dreamdust_isle_of_ice, layout_loops_ring,
          nicolae_shoals_entry_flooding, nicolae_snake_entry_warm_welcome,
          grunt_megastairs_4
Lair:4:   layout_loops_ring, minmay_slime_entry_pillars,
          ebering_ghost_funeral_grove, serial_bayou_crossing, uniq_kirke,
          uniq_snorg
Lair:5:   guppyfry_lair_end_dragon, layout_layer_cave,
          hangedman_lair_tendril_chambers
Shoals:1: layout_shoals, nicolae_shoals_sun_and_surf
Shoals:2: layout_shoals, lemuel_centaur_altar, uniq_roxanne
Shoals:3: cheibrodos_shoals_satyrical_garden, layout_shoals, serial_shops,
          nicolae_shop_peninsula
Shoals:4: shoals_end_hellmonk_lost_city, uniq_mlioglotl
Snake:1:  layout_chambers
Snake:2:  gammafunk_sealed_library, layout_rooms,
          gammafunk_ghost_berserking_beasts, serial_shops, shop
Snake:3:  layout_chambers, uniq_nikola, uniq_vashnia
Snake:4:  snake_pit_salamanders_mu, layout_grid_shapes, nicolae_custom_books,
          st_stairs_7, minmay_shoptagon
Slime:1:  layout_caves
Slime:2:  layout_caves
Slime:3:  layout_caves, nicolae_slime_welcoming_committee
Slime:4:  layout_caves, nicolae_slime_barrier, uniq_dissolution
Slime:5:  slime_pit_nicolae_royal_road_to_ruin
Orc:1:    layout_caves, serial_shops, led_sif_book
Orc:2:    st_orc_congregation, layout_diamond_mine
Elf:1:    nicolae_elf_arrival_fired_up, layout_loops_corners, minivault_28
Elf:2:    nicolae_elf_blades_crystal_corner, layout_gridlike,
          portal_desolation_entry_holy_temple,
          serial_library_regret_index_split_case
Elf:3:    elf_hall, layout_gridlike, serial_shops, nicolae_square_shop,
          nicolae_danse_macabre, grunt_megastairs_1, uniq_asterion
Vaults:1: nicolae_vaults_six-pack, vaults_room_grunt_arrival_ludios,
          hangedman_vaults_stagger, nicolae_vaults_holding_cells,
          ontoclasm_vaults_claustrophobia, nicolae_vaults_ninety_degrees,
          nicolae_vaults_little_squares_6, hangedman_vaults_corner_blocks,
          nicolae_vaults_cornered_office, nicolae_vaults_house_1,
          layout_vaults_omnigrid, serial_shops, shop_statue
Vaults:2: vaults_room_stairs_pillars, nicolae_vaults_storage_room_statues,
          nicolae_vaults_offset_grid_hallway_4,
          nicolae_vaults_storage_closets_1, nicolae_vaults_ellipses_ellipsis,
          vaults_mumra_chevron, nicolae_vaults_offset_grid_hallway_1,
          ontoclasm_vaults_bender, v_misc_16, v_rooms_5,
          ontoclasm_vaults_gateway, nicolae_vaults_house_1,
          nicolae_vaults_little_squares_6, hangedman_vaults_cutoff,
          layout_vaults_omnibox, uniq_xtahua
Vaults:3: nicolae_vaults_circle_grid_a, nicolae_vaults_hallways_thing, v_misc_1,
          nicolae_vaults_cornered_office, ontoclasm_vaults_spin,
          nicolae_vaults_network_s, nicolae_vaults_trapezoid_lopsided_4,
          v_misc_17, v_misc_28, nicolae_vaults_two_Ls, nicolae_vaults_house_3,
          vaults_room_semicircle, layout_vaults_chaotic_city
Vaults:4: nicolae_vaults_network_quinsquares
          [nicolae_vaults_network_quincunx_subvault,
          nicolae_vaults_network_quincunx_subvault,
          nicolae_vaults_network_quincunx_subvault,
          nicolae_vaults_network_quincunx_subvault], st_octagons_1,
          ontoclasm_vaults_tryst, nicolae_vaults_weapon_check,
          nicolae_vaults_triangles, nicolae_vaults_double_plus_3,
          not_door_vault_mu, hangedman_vaults_impose,
          nicolae_vaults_trapezoid_3, v_misc_29, grunt_vaults_hallway_short,
          vaults_dpeg_ring, v_misc_12, layout_vaults_maze_bifur
Vaults:5: serial_shops, uniq_margery

Skill      XL: |  1  2  3  4  5  6  7  8  9 10 11 12 13 14 15 16 17 18 19 20 21 22 |
---------------+-------------------------------------------------------------------+-----
Spellcasting   | 3 5 6 7 8 9 12 14 15 16 17 | 17.2
Ice Magic      | 5 6 7 8 10 | 10.4
Conjurations   | 3 6 8 9 10 12 | 12.0
Summonings     | 2 5 8 10 | 10.0
Alchemy        | 3 6 8 9 |  9.3
Fighting       | 2 3 4 5 6 7 10 | 10.0
Invocations    | 5 6 9 11 | 11.4
Evocations     | 2 4 |  4.0
Dodging        | 3 4 8 |  8.0
Earth Magic    | 9 13 15 18 21 22 | 22.0
Translocations | 3 5 |  5.0
Shapeshifting  | 5 6 |  6.5
Stealth        | |  2.4

Action                     |  1- 3 |  4- 6 |  7- 9 | 10-12 | 13-15 | 16-18 | 19-21 | 22-24 || total
---------------------------+-------+-------+-------+-------+-------+-------+-------+-------++-------
  Melee: Unarmed           |     7 |       |       |       |       |       |       |       ||     7
         Bite              |     7 |     5 |    57 |    55 |    95 |    98 |    36 |       ||   353
         Short sword       |    23 |    15 |   175 |   147 |   210 |       |       |       ||   570
         Punch             |       |       |     2 |     6 |       |     4 |       |       ||    12
         Shillelagh        |       |       |       |     7 |       |       |       |       ||     7
         Spear             |       |       |       |       |    12 |   177 |       |       ||   189
         Staff             |       |       |       |       |     1 |       |     3 |     1 ||     5
         Trident           |       |       |       |       |       |    91 |    66 |       ||   157
   Cast: Freeze            |    24 |    13 |     4 |     5 |     9 |       |       |       ||    55
         Frozen Ramparts   |       |     5 |    20 |    20 |     7 |     2 |       |       ||    54
         Ozocubu's Armour  |       |       |     7 |     8 |     6 |     5 |       |       ||    26
         Summon Ice Beast  |       |       |    18 |    28 |    15 |       |       |       ||    61
         Irradiate         |       |       |     1 |    26 |    48 |    66 |    32 |     1 ||   174
         Olgreb's Toxic Ra |       |       |       |    66 |    47 |     2 |       |       ||   115
         Freezing Cloud    |       |       |       |       |    70 |   111 |    43 |     2 ||   226
         Summon Forest     |       |       |       |       |    35 |    68 |    16 |       ||   119
         Summon Cactus Gia |       |       |       |       |    32 |    40 |     8 |       ||    80
         Bombard           |       |       |       |       |       |    41 |    76 |     2 ||   119
         Spellforged Servi |       |       |       |       |       |    40 |    81 |     1 ||   122
         Passage of Golubr |       |       |       |       |       |    10 |   114 |       ||   124
         Shatter           |       |       |       |       |       |     1 |    56 |     2 ||    59
         Polar Vortex      |       |       |       |       |       |     1 |       |       ||     1
         Apportation       |       |       |       |       |       |     9 |    28 |       ||    37
 Invoke: Channel Magic     |       |       |       |     4 |    17 |    23 |    44 |     2 ||    90
         Forget Spell      |       |       |       |       |       |     1 |     1 |       ||     2
         Divine Exegesis   |       |       |       |       |       |     2 |     1 |       ||     3
  Evoke: Lightning rod     |       |       |       |     5 |       |       |       |       ||     5
         Wand              |       |       |       |     1 |     6 |     4 |       |       ||    11
         Phantom mirror    |       |       |       |     1 |     1 |       |       |       ||     2
    Use: Potion            |       |     2 |     1 |     9 |     2 |       |     5 |       ||    19
         Scroll            |       |       |    10 |     6 |     5 |     9 |     6 |     1 ||    37
   Stab: Sleeping          |       |       |     2 |       |       |       |       |       ||     2
         Distracted        |       |       |       |       |     1 |     3 |     2 |       ||     6
 Armour: Robe              |    21 |    23 |     7 |    66 |   342 |   550 |   254 |     8 ||  1271
         Leather armour    |       |       |   125 |    44 |       |       |       |       ||   169
         Ring mail         |       |       |       |    29 |       |       |       |       ||    29
  Dodge: Dodged            |    34 |    26 |   118 |   155 |   395 |   398 |   137 |     2 ||  1265
